 Dungeon Crawl Stone Soup version 0.31-a0-765-g67fe2935dc (webtiles) character file.

Game seed: 6463433601996273257

759 Dittersdorf the Covered (level 7, -1/44 HPs)
             Began as a Gargoyle Fighter on Sept 15, 2023.
             Was an Initiate of Gozag.
             Slain by a river rat (2 damage)
             ... summoned by Eustachio
             ... on level 5 of the Dungeon.
             The game lasted 00:07:23 (3525 turns).

Dittersdorf the Covered (Gargoyle Fighter)          Turns: 3525, Time: 00:07:24

Health: -1/44      AC: 21    Str: 22      XL:     7   Next: 80%
Magic:  7/7        EV:  8    Int:  8      God:    Gozag
Gold:   146        SH:  4    Dex:  8 (9)  Spells: 6/6 levels left

rFire   . . .        a - +1 morningstar
rCold   . . .        c - +0 buckler
rNeg    + . .        j - +0 chain mail
rPois   ∞            e - +0 helmet
rElec   +            (no cloak)
rCorr   .            k - +0 pair of gloves
SInv    .            (no boots)
Will    .....        (no amulet) Stlth
                     f - ring of flight
HPRegen 0.27/turn    t - +4 ring of protection
MPRegen 0.10/turn

%: no passive effects
@: flying
A: sickness immunity, AC +4, negative energy resistance 1, electricity
resistance, torment resistance 1, petrification resistance
a: Renounce Religion, Potion Petition, Call Merchant, Bribe Branch


You were on level 5 of the Dungeon.
You worshipped Gozag.
Gozag was aware of your devotion.
You visited 2 branches of the dungeon, and saw 6 of its levels.

You collected 258 gold pieces.
You spent 33 gold pieces at shops.
You paid 79 gold pieces to Gozag.

Inventory:

Hand Weapons
 a - a +1 morningstar (weapon)
 b - a +0 sling of draining
Missiles
 x - a throwing net
Armour
 c - a +0 buckler (worn)
 e - a +0 helmet (worn)
 j - a +0 chain mail (worn)
 k - a +0 pair of gloves (worn)
 z - a +0 plate armour
Jewellery
 f - a ring of flight (left hand)
 h - a ring of wizardry
 t - a +4 ring of protection (right hand)
 w - a ring of protection from cold
Scrolls
 i - 5 scrolls of teleportation
 n - a scroll of enchant weapon
 o - a scroll of blinking
 q - a scroll of fog
 A - a scroll of enchant armour
Potions
 d - a potion of might
 g - a potion of mutation
 m - a potion of haste
 p - 2 potions of brilliance
 v - 2 potions of heal wounds


   Skills:
 + Level 5.6 Fighting
 + Level 4.5 Maces & Flails
 + Level 5.6 Armour
 + Level 5.6 Shields


You had 6 spell levels left.
You didn't know any spells.
Your spell library contained the following spells:

 Spells                   Type           Power      Damage    Failure   Level
 Wereblood                Tmut           0%         N/A       99%         2
 Irradiate                Conj/Tmut      0%         3d11      100%        5


Dungeon Overview and Level Annotations

Branches:
Dungeon (5/15)             Temple (1/1) D:5

Altars:
Dithmenos
Gozag
Hepliaklqana
Makhleb
Nemelex Xobeh
Ru
Sif Muna
Trog
Uskayaw
Vehumet
Wu Jian
Xom
Yredelemnul
Zin

Shops:
D:4 *

Annotations:
D:5 Eustachio


Innate Abilities, Weirdness & Mutations

You are immune to sickness and miasma.
Your stone body is resilient. (AC +4)
You are immune to poison.
You resist negative energy. (rN+)
You are resistant to electric shocks. (rElec)
You are resistant to unholy torment.
You are immune to petrification.


Message History

The quasit barely misses you. You block the quasit's attack.
The shadow imp gestures at you. Pain shoots through your body!
Eustachio gestures wildly while chanting.
Eustachio blinks!
The quasit bites you but does no damage.
The quasit claws you but does no damage.
The quasit closely misses you.
The quasit disappears in a puff of smoke!
You see here 2 poisoned darts.
You barely miss the river rat.
The shadow imp disappears in a puff of smoke!
The quokka bites you but does no damage.
Eustachio mumbles some strange words.
The river rat bites you!
* * * LOW HITPOINT WARNING * * *
The quokka attacks as it pursues you! The quokka closely misses you.
The river rat bites you but does no damage.
The river rat bites you.
* * * LOW HITPOINT WARNING * * *
The quokka bites you but does no damage.
The river rat barely misses you.
You closely miss the river rat.
Eustachio says, "Summoning is fun!"
Eustachio casts a spell.
The river rat bites you but does no damage. x2
The quokka closely misses you.
The river rat bites you but does no damage.
The air fills with toxic fumes!
As you read the scroll of poison, it crumbles to dust.
The quokka closely misses you. The river rat bites you!
* * * LOW HITPOINT WARNING * * *
The river rat closely misses you. You block the river rat's attack.
You feel better. The quokka bites you.
* * * LOW HITPOINT WARNING * * *
The river rat bites you.
* * * LOW HITPOINT WARNING * * *
The river rat closely misses you. The river rat bites you.
You die...
Your body crumbles into a pile of gold.

*,,,..# #<...
*,**#§###********##### *,*
#§#.<,,,,,,,,,,,,, ************,*
#§#.#************* ,,,,,,,,,,,,,*
#§#.# ,,,,,,,,,§§,,* #§#§#
,,,,,,,,,§§§§###§#§#######*****
,,,,,,,,,§§§§§§rrr§§§§§§..,,,>***
,,,,,,,,,....###@#.#......,,,,,,,
,,,,,,***#**,* #r#.#,.....,,,,,,,
,,,,,,,,,,,,,* #@#.#,,....,,,,,,,
**,,,,,******* #5#.#***###***,***
#......###### #5#.# *,*
..#....###### #§#.##########.#
.##....###### #§#..........#.#
.......###### #§##########.#.#
###...####### *,* ###.#.###


You could see Eustachio, a quasit (summoned), 3 river rats, an ufetubus
(summoned) and a quokka (summoned).

Vanquished Creatures
  A black bear (D:5)
  2 ogres
  A phantom (D:5)
  2 jellies (D:5)
  2 hounds
  Jessica (D:3)
  2 orc wizards (D:3)
  7 adders
  6 gnolls
  A white imp (D:5)
  3 worms
  2 dart slugs
  7 orcs (D:3)
  4 endoplasms
  2 giant cockroaches (D:4)
  5 goblins
  8 hobgoblins
  3 jackals (D:2)
  8 kobolds
  5 quokkas
  10 ball pythons
  8 bats
  3 frilled lizards
  5 rats
98 creatures vanquished.

Notes
Turn   | Place    | Note
-------+----------+-------------------------------------------
     0 | D:1      | Dittersdorf the Gargoyle Fighter began the quest for the
                  | Orb.
     0 | D:1      | Reached XP level 1. HP: 14/14 MP: 1/1
   162 | D:1      | Reached XP level 2. HP: 14/19 MP: 2/2
   532 | D:1      | Reached XP level 3. HP: 22/23 MP: 3/3
   888 | D:2      | Reached XP level 4. HP: 29/29 MP: 4/4
   991 | D:2      | Found a faded altar of an unknown god.
  1400 | D:3      | Reached XP level 5. HP: 21/33 MP: 5/5
  1885 | D:3      | Noticed Jessica
  1925 | D:3      | Killed Jessica
  2016 | D:3      | Found a shimmering blue altar of Sif Muna.
  2046 | D:4      | Noticed an ogre
  2058 | D:4      | Killed an ogre
  2059 | D:4      | Reached XP level 6. HP: 26/39 MP: 6/6
  2644 | D:4      | Found Ruipluux's Assorted Antiques.
  2759 | D:5      | Entered Level 5 of the Dungeon
  2785 | D:5      | Reached skill level 5 in Shields
  2799 | D:5      | Reached skill level 5 in Fighting
  2814 | D:5      | Reached skill level 5 in Armour
  2814 | D:5      | Reached XP level 7. HP: 33/44 MP: 7/7
  2895 | D:4      | Bought a scroll labelled XIZUYSTR ZEHADGHIUQ for 33 gold
                  | pieces
  2917 | D:5      | Found a staircase to the Ecumenical Temple.
  2926 | Temple   | Entered the Ecumenical Temple
  2934 | Temple   | Became a worshipper of Gozag Ym Sagoz the Greedy
  3495 | D:5      | Noticed Eustachio
  3524 | D:5      | HP: 1/44 [river rat[Eustachio] (7)]
  3525 | D:5      | Slain by a river rat

Illustrated notes

Levels and vault maps discovered:
D:1:      dpeg_arrival_tiny_f, layout_loops_ring, minmay_pentomino_r4
D:2:      layout_rooms, hellmonk_ecumenical_altar_crossroads, nrook_campfire,
          st_stairs_3
D:3:      minmay_general_purpose_star, layout_rooms, tgw_sif
D:4:      layout_rooms, serial_shops, nicolae_take_the_stairs, st_stairs_12
D:5:      layout_basic, minmay_temple_entry_statues_pillars, serial_shops,
          kennysheep_mini, uniq_eustachio
Temple:   hellmonk_temple_forest_ring

Skill      XL: |  1  2  3  4  5  6 |
---------------+-------------------+-----
Fighting       | 4 5 |  5.6
Armour         | 4 5 |  5.6
Shields        | 4 5 |  5.6
Maces & Flails | 3 4 |  4.5

Action                     |  1- 3 |  4- 6 |  7- 9 || total
---------------------------+-------+-------+-------++-------
  Melee: Flail             |   156 |   149 |       ||   305
         Unarmed           |       |     7 |       ||     7
         Morningstar       |       |    72 |    52 ||   124
  Throw: Dart              |       |       |     3 ||     3
    Use: Scroll            |       |    12 |     5 ||    17
         Potion            |       |       |     1 ||     1
 Armour: Scale mail        |    38 |       |       ||    38
         Chain mail        |   113 |   214 |   125 ||   452
         Skin              |       |     4 |       ||     4
  Dodge: Dodged            |    73 |   116 |    54 ||   243
  Block: Buckler           |    53 |    56 |    28 ||   137

Table legend: (Time is in decaauts)
 A = Elapsed time spent in this place.
 B = Non-inter-level travel time spent in this place.
 C = Inter-level travel time spent in this place.
 D = Time resting spent in this place.
 E = Time spent auto-exploring this place.
 F = Levels seen in this place.
 G = Mean time per level.
                   A        B        C        D        E       F      G
               +--------+--------+--------+--------+--------+-----+--------+
         Total |   3658 |   3504 |    154 |    268 |   2185 |   6 |  609.7 |
       Dungeon |   3641 |   3501 |    140 |    268 |   2185 |   5 |  728.2 |
        Temple |     16 |      2 |     14 |      0 |      0 |   1 |   16.0 |
               +--------+--------+--------+--------+--------+-----+--------+

Top non-repeatable levels by time:
     D:3: 846 daAuts
     D:5: 770 daAuts
     D:4: 726 daAuts
     D:1: 726 daAuts
     D:2: 571 daAuts
  Temple: 16 daAuts
